 Dungeon Crawl Stone Soup version 0.14-a0-365-g2883480 (console) character file.

62 MakMorn the Magician (level 2, 0/23 HPs)
             Began as a Djinni Wizard on Oct 26, 2013.
             Slain by a jackal (1 damage)
             ... on Level 1 of the Dungeon.
             The game lasted 00:06:48 (1056 turns).

MakMorn the Magician (Djinni Wizard)                Turns: 1056, Time: 00:06:48

HP   0/23        AC  2     Str  7      XL: 2   Next: 48%
MP   0/0         EV 12     Int 18      God:
Gold 44          SH  0     Dex 11      Spells:  2 memorised,  6 levels left

Res.Fire  : + + +   See Invis. : .   e - +2,+0 dagger (holy)
Res.Cold  : x . .   Warding    : .   a - +0 robe
Life Prot.: + + +   Conserve   : .   (no shield)
Res.Poison: .       Res.Corr.  : .   b - +0 wizard hat
Res.Elec. : .       Clarity    : .   (no cloak)
Sust.Abil.: . .     Spirit.Shd : .   (no gloves)
Res.Mut.  : .       Stasis     : .   (boots unavailable)
Res.Rott. : .       Flight     : .   (no amulet)
Saprovore : . . .                    (no ring)
                                     (no ring)

@: very slightly contaminated, not resistant to hostile enchantments, unstealthy
A: fire immunity, cold vulnerability, life protection 3
a: no special abilities


You were on level 1 of the Dungeon.
You were not hungry.

You visited 1 branch of the dungeon, and saw 1 of its levels.

You collected 24 gold pieces.

Inventory:

Hand weapons
 d - a +0,+0 club
 e - a +2,+0 dagger of holy wrath (weapon)
 g - a -1,+0 orcish club
 j - a +2,+1 hand axe
 o - a +0,+0 club
Missiles
 n - 25 stones (quivered)
Armour
 a - a +0 robe (worn)
 b - a +0 wizard hat (worn)
 i - a +0 orcish ring mail
Scrolls
 f - a scroll of identify {unknown}
 h - 2 scrolls of blinking {unknown}
 k - a scroll of teleportation {unknown}
Potions
 l - 2 potions of heal wounds {unknown}
 m - a potion of curing {unknown}
Books
 c - a book of Minor Magic

   Spells                             Type                      Level
   *Magic Dart                        Conjuration                  1
   Blink                              Translocation                2
   Call Imp                           Summoning                    2
   Repel Missiles                     Charms/Air                   2
   *Slow                              Hexes                        2
   Conjure Flame                      Conjuration/Fire             3
   Mephitic Cloud                     Conjuration/Poison/Air       3


   Skills:
 * Level 1.0 Fighting
 - Level 1.7 Dodging
 - Level 1.5 Stealth
 * Level 4.2 Spellcasting
 * Level 1.2 Conjurations
   Level 1.0 Summonings
   Level 1.0 Translocations


You had 6 spell levels left.
You knew the following spells:

 Your Spells              Type           Power        Failure   Level  Hunger
a - Magic Dart            Conj           #...         12%         1    None
b - Slow                  Hex            #.......     21%         2    #......


Dungeon Overview and Level Annotations

Branches:
Dungeon (1/27)

Altars:


Innate Abilities, Weirdness & Mutations

You are immune to all types of fire, even holy and hellish.
You are vulnerable to cold.
You need no food.
You have no legs.
You are immune to negative energy.


Message History

Aiming: Magic Dart
Press: ? - help, Shift-Dir - straight line, f/p - jackal
Aim: a jackal (severely wounded)
The magic dart hits the jackal.
The jackal is severely wounded.
The jackal misses you.
Casting: Magic Dart
Confirm with . or Enter, or press ? or * to list all spells.
Aiming: Magic Dart
Press: ? - help, Shift-Dir - straight line, f/p - jackal
Aim: a jackal (severely wounded)
The magic dart hits the jackal.
The jackal is almost dead.
The jackal barely misses you.
You closely miss the jackal.
The jackal is almost dead.
The jackal bites you.
* * * LOW HITPOINT WARNING * * *
The jackal bites you.
You die...

#.# #.# #.# #.#
#####.# #.# #.# #.#
...##.#####.# #.# #.#
.........##.# #.# #.#
##.##.##.##.####.# #.#
...%.............# #.#
............###### #.#
########.###########.#
#.......h@....#
###############


You could see a jackal.

Vanquished Creatures
  A giant gecko (D:1)
  A bat (D:1)
  3 hobgoblins (D:1)
  A kobold (D:1)
  An ooze (D:1)
  A giant newt (D:1)
  2 goblins (D:1)
  2 jackals (D:1)
  4 rats (D:1)
16 creatures vanquished.

Notes
Turn   | Place    | Note
--------------------------------------------------------------
     0 | D:1      | MakMorn, the Djinni Wizard, began the quest for the Orb.
     0 | D:1      | Reached XP level 1. HP: 14/14 MP: 0/0
   250 | D:1      | Reached skill level 4 in Spellcasting
   300 | D:1      | Reached XP level 2. EP: 19/23
   304 | D:1      | Learned a level 2 spell: Slow
   980 | D:1      | Reached skill level 1 in Fighting
  1056 | D:1      | HP: 1/23 [jackal (1)]
  1056 | D:1      | Slain by a jackal

Action                   || total
-------------------------++-------
Melee: Dagger            ||     6
 Cast: Magic Dart        ||    54
       Slow              ||     2
